 Dungeon Crawl Stone Soup version 0.29-a0-1009-g60c99734e7 (webtiles) character file.

Game seed: 17514438060592566021

1633 iguanaiguana the Conjurer (level 8, -1/48 HPs)
             Began as a Gargoyle Conjurer on Aug 9, 2022.
             Shot with a sling bullet by Joseph (6 damage)
             ... on level 7 of the Dungeon.
             The game lasted 00:20:44 (8780 turns).

iguanaiguana the Conjurer (Gargoyle Conjurer)       Turns: 8780, Time: 00:20:44

Health: -1/48      AC: 13    Str: 17    XL:     8   Next: 98%
Magic:  10/14      EV: 12    Int: 27    God:
Gold:   327        SH:  0    Dex:  8    Spells: 1/15 levels left

rFire   . . .      SeeInvis +   A - +0 dagger (venom)
rCold   . . .      Faith    .   (no shield)
rNeg    + . .      Spirit   .   z - +0 leather armour
rPois   ∞          Reflect  .   (no helmet)
rElec   +          Harm     .   f - +0 cloak
rCorr   .          Rampage  .   H - +0 pair of gloves {Stlth+}
Will    .....                   r - +1 pair of boots of Jiorch {Str+6}
Stlth   ++........              (no amulet)
HPRegen 0.16/turn               d - +6 ring of intelligence
MPRegen 0.14/turn               F - ring of see invisible

@: no status effects
A: sickness immunity, AC +5, negative energy resistance 1, electricity
resistance, torment resistance 1, petrification resistance
a: no special abilities


You were on level 7 of the Dungeon.
You visited 2 branches of the dungeon, and saw 8 of its levels.

You collected 442 gold pieces.
You spent 115 gold pieces at shops.

Inventory:

Hand Weapons
 A - a +0 dagger of venom (weapon)
Missiles
 g - 7 poisoned darts
 n - 4 boomerangs
Armour
 f - a +0 cloak (worn)
 r - the +1 pair of boots of Jiorch (worn) {Str+6}
   (You found it on level 3 of the Dungeon)

   Str:       It affects your strength (+6).
 z - a +0 leather armour (worn)
 H - a +0 pair of gloves of stealth (worn)
Magical Staves
 y - a staff of poison
Jewellery
 d - a +6 ring of intelligence (left hand)
 F - a ring of see invisible (right hand)
Wands
 G - a wand of flame (22)
Scrolls
 a - a scroll of enchant weapon {unknown}
 c - a scroll of summoning {unknown}
 i - a scroll of enchant armour {unknown}
 k - 6 scrolls of identify {unknown}
 o - 3 scrolls of butterflies {unknown}
 p - a scroll of torment {unknown}
 q - 2 scrolls of noise {unknown}
 t - a scroll of blinking {unknown}
 u - 5 scrolls of fear {unknown}
 v - a scroll of silence {unknown}
 w - a scroll of teleportation {unknown}
 C - a scroll of brand weapon {unknown}
 E - a scroll of magic mapping {unknown}
 I - a scroll of immolation {unknown}
Potions
 b - 2 potions of magic
 e - 4 potions of heal wounds {unknown}
 h - 2 potions of flight {unknown}
 j - a potion of degeneration {unknown}
 l - 4 potions of resistance {@q5}
 m - 2 potions of attraction {unknown}
 s - 4 potions of curing {unknown}
 x - 2 potions of mutation {unknown}
 B - 2 potions of haste {unknown}
 D - a potion of lignification {unknown}


   Skills:
 - Level 4.0 Fighting
 - Level 2.0 Armour
 - Level 3.0 Dodging
 - Level 2.1 Stealth
 - Level 4.0 Spellcasting
 + Level 7.8 Conjurations
 - Level 5.0 Hexes
 + Level 2.3 Transmutations


You had one spell level left.
You knew the following spells:

 Your Spells              Type           Power      Damage    Failure   Level
a - Magic Dart            Conj           100%       1d8       1%          1
b - Searing Ray           Conj           96%        2d7       1%          2
c - Fulminant Prism       Conj/Hex       20%        3d13      7%          4
d - Iskenderun's Mystic   Conj/Tloc      26%        2d7       19%         4
e - Dazzling Flash        Conj/Hex       80%        N/A       1%          3

Your spell library contained the following spells:

 Spells                   Type           Power      Damage    Failure   Level
 Ensorcelled Hibernation  Hex/Ice        36%        N/A       4%          2
 Inner Flame              Hex/Fire       18%        N/A       10%         3
 Portal Projectile        Hex/Tloc       36%        N/A       10%         3
 Cause Fear               Hex            16%        N/A       12%         4
 Spider Form              Tmut/Pois      11%        N/A       19%         3
 Call Canine Familiar     Summ           5%         N/A       28%         3
 Anguish                  Hex/Necr       9%         N/A       32%         4
 Leda's Liquefaction      Hex/Erth       9%         N/A       32%         4
 Irradiate                Conj/Tmut      16%        3d17      32%         5
 Petrify                  Tmut/Erth      11%        N/A       52%         4
 Discord                  Hex            16%        N/A       100%        8
 Sublimation of Blood     Necr           Unusable   N/A       N/A         2

Dungeon Overview and Level Annotations

Branches:
Dungeon (7/15) Zot: 25997  Temple (1/1) D:6 Zot: 5984

Altars:
Ashenzari
Cheibriados
Dithmenos
Elyvilon
Fedhas
Hepliaklqana
Kikubaaqudgha
Makhleb
Nemelex Xobeh
Qazlal
Ru
Sif Muna
Trog
Uskayaw
Wu Jian
Yredelemnul
Zin
The Shining One

Shops:
D:7 *

Annotations:
D:7 Joseph


Innate Abilities, Weirdness & Mutations

You are immune to sickness and miasma.
Your stone body is resilient. (AC +5)
You are immune to poison.
You resist negative energy. (rN+)
You are resistant to electric shocks. (rElec)
You are resistant to unholy torment.
You are immune to petrification.


Message History

Okay, then.
Okay, then.
Okay, then.
Okay, then.
Casting: Fulminant Prism (dangerous; 7% risk of failure)
Confirm with . or Enter, or press ? or * to list all spells.
Okay, then.
Casting: Fulminant Prism (dangerous; 7% risk of failure)
Confirm with . or Enter, or press ? or * to list all spells.
Okay, then.
Casting: Fulminant Prism (dangerous; 7% risk of failure)
Confirm with . or Enter, or press ? or * to list all spells.
Casting: Dazzling Flash (safe; 1% risk of failure)
Press: ? - help, Dir - look around, f - activate Joseph is dazzled.
Joseph unwields a +0 sling.
Joseph wields a +0 quarterstaff.
Casting: Dazzling Flash (safe; 1% risk of failure)
Confirm with . or Enter, or press ? or * to list all spells.
Okay, then.
Casting: Dazzling Flash (safe; 1% risk of failure)
Confirm with . or Enter, or press ? or * to list all spells.
Aiming: Fulminant Prism (dangerous; 7% risk of failure)
Press: ? - help, Dir - move target, f - Joseph
Aim: Joseph, wielding a +0 quarterstaff and wearing a +0 ring mail (blind)
Okay, then.
A white imp comes into view.
The white imp moves out of view.
Joseph is no longer blind.
Joseph unwields a +0 quarterstaff.
Joseph wields a +0 sling.
Joseph shoots a sling bullet.
The sling bullet hits you!
* * * LOW HITPOINT WARNING * * *
Casting: Fulminant Prism (dangerous; 7% risk of failure)
Confirm with . or Enter, or press ? or * to list all spells.
Okay, then.
The white imp shouts!
Joseph shoots a sling bullet.
The sling bullet hits you!
* * * LOW HITPOINT WARNING * * *
Joseph shoots a sling bullet.
The sling bullet hits you!
* * * LOW HITPOINT WARNING * * *
Joseph shoots a sling bullet.
The sling bullet hits you.
You die...

.....##.##### ##
....#.......###### #####.# ###
∩...#.........#..###...#.##..#
...#..##..........##?........#
......#............#........##
.........#.........#.........#
##......##............5.#
...........#.#..........#
......#....###.<@......#####
.#.)###.##.###....##.....#.#
##..#.####..##.............###
...(....#...#.....#..........#
....)..........#..#......#...###
###.........≈§...###....##.....##
.##.........§§...##....@........#
###...............∩.#...###....##
.##...........#.....#...#..#####


You could see Joseph and a white imp.

Vanquished Creatures
  A steam dragon (D:5)
  A water moccasin (D:7)
  Duvessa (D:6)
  A sky beast (D:6)
  2 ogres (D:5)
  2 phantoms
  A kobold brigand (D:7)
  A bullfrog (D:7)
  A scorpion (D:6)
  A necrophage (D:5)
  Dowan (D:6)
  A howler monkey (D:5)
  A hound (D:5)
  A jelly (D:5)
  3 orc priests
  4 orc wizards
  3 iguanas
  3 adders
  2 shadow imps (D:7)
  4 white imps (D:7)
  4 ufetubi
  A worm (D:2)
  The ghost of Bediveer the Sneak, a weakling HuDe (D:5)
  5 dart slugs
  19 orcs
  3 bats
  8 endoplasms
  6 giant cockroaches
  9 goblins
  7 hobgoblins
  8 jackals
  12 kobolds
  2 quokkas
  7 ball pythons
  7 frilled lizards
  8 rats
142 creatures vanquished.

Vanquished Creatures (others)
  6 demonic plants (D:7)
  19 fulminant prisms
25 creatures vanquished.

Grand Total: 167 creatures vanquished

Notes
Turn   | Place    | Note
-------+----------+-------------------------------------------
     0 | D:1      | iguanaiguana the Gargoyle Conjurer began the quest for the
                  | Orb.
     0 | D:1      | Reached XP level 1. HP: 10/10 MP: 3/3
   286 | D:1      | Reached XP level 2. HP: 15/15 MP: 3/5
   311 | D:1      | Learned a level 2 spell: Searing Ray
   946 | D:1      | Found a faded altar of an unknown god.
   970 | D:1      | Reached XP level 3. HP: 19/19 MP: 5/7
  2199 | D:2      | Reached XP level 4. HP: 24/24 MP: 3/9
  2540 | D:3      | Identified the +1 pair of boots of Jiorch {Str+6}
  3013 | D:3      | Reached skill level 5 in Conjurations
  3013 | D:3      | Reached XP level 5. HP: 28/28 MP: 5/11
  3149 | D:3      | Found a bloodstained altar of Trog.
  3909 | D:4      | You fall into a shaft and drop 1 floor!
  3909 | D:5      | Entered Level 5 of the Dungeon
  3918 | D:5      | Noticed a phantom
  3996 | D:4      | Reached skill level 6 in Conjurations
  4000 | D:4      | Learned a level 3 spell: Dazzling Flash
  4318 | D:4      | Reached skill level 1 in Hexes
  4320 | D:4      | Reached XP level 6. HP: 32/32 MP: 7/12
  4330 | D:4      | Learned a level 4 spell: Iskenderun's Mystic Blast
  4622 | D:4      | Identified the +1 robe of Narrow New Discoveries {Drain
                  | rPois rF+++}
  5116 | D:5      | Found a runed translucent door.
  5188 | D:5      | Reached XP level 7. HP: 41/41 MP: 7/13
  5266 | D:5      | Found a hide-covered altar of Uskayaw.
  5361 | D:5      | Noticed Bediveer's ghost (weakling HuDe)
  5430 | D:4      | Learned a level 4 spell: Fulminant Prism
  5453 | D:5      | Noticed a steam dragon
  5484 | D:5      | Killed a steam dragon
  6043 | D:5      | Reached XP level 8. HP: 48/48 MP: 7/14
  6103 | D:5      | Found an ornate altar of the Wu Jian Council.
  6419 | D:5      | Killed Bediveer's ghost
  6843 | D:6      | Found a staircase to the Ecumenical Temple.
  6937 | D:6      | Noticed Duvessa
  6959 | D:6      | Killed Duvessa
  7162 | D:6      | Noticed Dowan
  7167 | D:6      | Killed Dowan
  7168 | D:6      | Reached skill level 7 in Conjurations
  7168 | D:6      | Reached skill level 5 in Hexes
  7727 | Temple   | Entered the Ecumenical Temple
  7857 | D:6      | Reached skill level 1 in Transmutations
  8134 | D:7      | Found Fesumowk's General Store.
  8145 | D:7      | Bought a +0 pair of gloves of stealth for 115 gold pieces
  8389 | D:7      | Noticed Joseph
  8780 | D:7      | Shot with a sling bullet by Joseph

Illustrated notes

Levels and vault maps discovered:
D:1:      moated_graveyard_arrival, layout_basic, basic_ecumenical_altar
D:2:      cheibrodos_old_hovel, layout_basic, minmay_nonomino_d4
D:3:      layout_loops_ring, trog_butcher_becter, kennysheep_generic_room_12
D:4:      layout_loops_ring
D:5:      layout_loops_ring, nicolae_wu_jian_immortal_techniques,
          mainiacjoe_overflow_catwalk, ebering_ghost_reflecting_pool
D:6:      layout_cave_pods, minmay_temple_entry_fiery, serial_rivers,
          chequers_serial_rivers_micro_a, chequers_serial_rivers_micro_a,
          chequers_serial_rivers_large_b, chequers_serial_rivers_micro_a,
          nicolae_elevator_lobby_asterisk, uniq_duvessa
D:7:      layout_cave_pools, serial_shops, shop, serial_demonic,
          serial_demonic_f, serial_demonic_b, serial_demonic_f,
          serial_demonic_g, serial_demonic_b, serial_demonic_d,
          kennysheep_generic_room_9, uniq_joseph
Temple:   minmay_freezing_vapour_temple

Skill      XL: |  1  2  3  4  5  6  7  8 |
---------------+-------------------------+-----
Spellcasting   | 3 4 |  4.0
Conjurations   | 5 6 7 |  7.8
Hexes          | 1 2 4 5 |  5.0
Fighting       | 3 4 |  4.0
Dodging        | 2 3 |  3.0
Armour         | 2 |  2.0
Transmutations | 2 |  2.3
Stealth        | |  2.1

Action                   |  1- 3 |  4- 6 |  7- 9 || total
-------------------------+-------+-------+-------++-------
Melee: Dagger            |     8 |       |    13 ||    21
       Punch             |     1 |       |       ||     1
Throw: Dart              |       |     2 |     2 ||     4
 Cast: Magic Dart        |    73 |    44 |     7 ||   124
       Searing Ray       |     7 |    33 |    24 ||    64
       Fulminant Prism   |       |       |    19 ||    19
       Dazzling Flash    |       |       |     1 ||     1
Armor: Robe              |    10 |     3 |       ||    13
       Leather armour    |       |     2 |    25 ||    27
Dodge: Dodged            |    21 |     5 |    29 ||    55

Table legend: (Time is in decaauts)
 A = Elapsed time spent in this place.
 B = Non-inter-level travel time spent in this place.
 C = Inter-level travel time spent in this place.
 D = Time resting spent in this place.
 E = Time spent auto-exploring this place.
 F = Levels seen in this place.
 G = Mean time per level.
                   A        B        C        D        E       F      G
               +--------+--------+--------+--------+--------+-----+--------+
         Total |   8817 |   8358 |    459 |   1021 |   6362 |   8 | 1102.1 |
       Dungeon |   8801 |   8345 |    456 |   1021 |   6352 |   7 | 1257.3 |
        Temple |     15 |     12 |      3 |      0 |     10 |   1 |   15.0 |
               +--------+--------+--------+--------+--------+-----+--------+

Top non-repeatable levels by time:
     D:5: 1573 daAuts
     D:1: 1433 daAuts
     D:6: 1371 daAuts
     D:3: 1245 daAuts
     D:4: 1223 daAuts
     D:2: 1087 daAuts
     D:7: 867 daAuts
  Temple: 15 daAuts
